 Dungeon Crawl Stone Soup version 0.27.1-2-g3b301248ec (webtiles) character file.

Game seed: 15514299604047031805

406 bnorton916 the Magician (level 6, -2/32 HPs)
             Began as a Deep Elf Conjurer on Oct 4, 2021.
             Slain by a water moccasin skeleton (6 damage)
             ... on level 5 of the Dungeon.
             The game lasted 00:07:18 (4629 turns).

bnorton916 the Magician (Deep Elf Conjurer)         Turns: 4629, Time: 00:07:19

Health: -2/32      AC:  4    Str:  4    XL:     6   Next: 56%
Magic:  18/18      EV: 13    Int: 25    God:
Gold:   94         SH:  0    Dex: 19    Spells: 7/19 levels left

rFire    . . .     SeeInvis +   (no weapon)
rCold    . . .     Faith    .   (no shield)
rNeg     . . .     Spirit   .   a - +1 robe
rPois    .         Reflect  .   (no helmet)
rElec    .         Harm     .   (no cloak)
rCorr    .         Rampage  .   j - +0 pair of gloves
Will     .....                  (no boots)
Stlth    ++........             (no amulet)
HPRegen  0.10/turn              f - +6 ring of dexterity
MPRegen  0.16/turn              g - ring of see invisible

@: hasted, very quick
A: no striking features
a: no special abilities


You were on level 5 of the Dungeon.
You visited 1 branch of the dungeon, and saw 5 of its levels.
You also visited: Sewer.

You collected 94 gold pieces.

Inventory:

Hand Weapons
 c - a +5 dagger
 l - a +2 whip of draining
Armour
 a - a +1 robe (worn)
 j - a +0 pair of gloves (worn)
Jewellery
 e - a ring of resist corrosion
 f - a +6 ring of dexterity (left hand)
 g - a ring of see invisible (right hand)
 h - a ring of positive energy
Scrolls
 i - a scroll of identify
 m - a scroll of fog {unknown}
Potions
 b - 2 potions of curing


   Skills:
 - Level 2.4 Dodging
 - Level 2.4 Stealth
 + Level 7.0 Spellcasting
 + Level 6.9 Conjurations


You had 7 spell levels left.
You knew the following spells:

 Your Spells              Type           Power      Damage    Failure   Level
a - Magic Dart            Conj           100%       1d8       1%          1
b - Searing Ray           Conj           86%        3d6       1%          2
c - Fulminant Prism       Conj/Hex       13%        3d9       16%         4
d - Iskenderun's Mystic   Conj/Tloc      26%        2d7       16%         4
e - Animate Skeleton      Necr           16%        N/A       7%          1

Your spell library contained the following spells:

 Spells                   Type           Power      Damage    Failure   Level
 Dazzling Flash           Conj/Hex       52%        N/A       4%          3
 Apportation              Tloc           16%        N/A       7%          1
 Corona                   Hex            8%         N/A       7%          1
 Summon Small Mammal      Summ           32%        N/A       7%          1
 Call Canine Familiar     Summ           8%         N/A       21%         3
 Summon Guardian Golem    Hex/Summ       8%         N/A       21%         3
 Agony                    Necr           8%         N/A       88%         5
 Silence                  Hex/Air        4%         N/A       88%         5


Dungeon Overview and Level Annotations

Branches:
Dungeon (5/15)              Sewer (visited)
 Temple: D:4-7

Altars:
Okawaru
Ru

Annotations:
D:4 Blork the orc
D:5 1 runed translucent door, Grinder; ISoar's ghost, novice HOFi


Message History

The phantom hits you.
The phantom blinks!
You blink. 3 gnolls come into view.
Found a spear and a scroll labelled JIUDUNE ASOE.
Unknown command.
As you read the scroll labelled VAKHAI EKEL, it crumbles to dust.
It is a scroll of enchant weapon.
Your +4 dagger glows red for a moment.
The adder hisses angrily.
The gnoll shouts!
The phantom hits you but does no damage.
A jelly comes into view.
A water moccasin skeleton comes into view.
Found a club.
The gnoll shouts!
The jelly quivers.
The water moccasin skeleton misses you.
There is a stone staircase leading down here.
The water moccasin skeleton bites you. The phantom hits you.
* * * LOW HITPOINT WARNING * * *
The phantom blinks!
You blink.
You stop descending the stairs.
Unknown command.
An adder zombie comes into view.
The water moccasin skeleton bites you.
* * * LOW HITPOINT WARNING * * *
The water moccasin skeleton bites you.
* * * LOW HITPOINT WARNING * * *
Found a scroll of identify.
You feel yourself speed up.
Grinder comes into view.
A black bear comes into view.
The black bear growls angrily.
Grinder shouts!
An iguana comes into view.
Grinder gestures at you. You resist with some effort.
The iguana hisses menacingly.
Grinder blinks!
The iguana bites you.
* * * LOW HITPOINT WARNING * * *
The jelly hits you but does no damage. The water moccasin skeleton bites you.
You die...

#.............. #......
#.............# #......
#..........#..# #....##
#........#.#..####....#
#.................J...#
#######.5##...#.#....?.....##
#..............g............Z
#######.W##JZ##.#..####.##.##
........l.h.@......# #.##.#
########.#########.# #.##.#
#.# #.# #.##.# #.# #.. ......
#.# ..# #.# ## ###


You could see Grinder, a phantom, a black bear, an iguana, a jelly and a water
moccasin skeleton.

Vanquished Creatures
  Edmund (D:2)
  Purgy (Sewer)
  A centaur skeleton (D:3)
  2 orc wizards (D:3)
  A gnoll (D:4)
  3 adders
  A shadow imp (D:3)
  A worm (D:2)
  6 orcs
  2 ball pythons (D:1)
  4 endoplasms
  4 giant cockroaches
  10 goblins
  6 hobgoblins
  5 kobolds
  6 quokkas
  3 bats
  3 frilled lizards (D:3)
  6 rats
66 creatures vanquished.

Vanquished Creatures (others)
  A fulminant prism (D:4)
1 creature vanquished.

Grand Total: 67 creatures vanquished

Notes
Turn   | Place    | Note
-------+----------+-------------------------------------------
     0 | D:1      | bnorton916 the Deep Elf Conjurer began the quest for the
                  | Orb.
     0 | D:1      | Reached XP level 1. HP: 10/10 MP: 6/6
   317 | D:1      | Found a faded altar of an unknown god.
   434 | D:1      | Reached XP level 2. HP: 15/15 MP: 4/8
  1136 | D:2      | Learned a level 2 spell: Searing Ray
  1416 | D:2      | Found a sacrificial altar of Ru.
  1424 | D:2      | Reached skill level 4 in Spellcasting
  1424 | D:2      | Reached skill level 5 in Conjurations
  1424 | D:2      | Reached XP level 3. HP: 19/19 MP: 5/10
  1985 | D:3      | Found a glowing drain.
  2051 | Sewer    | Entered a sewer
  2060 | Sewer    | Learned a level 1 spell: Animate Skeleton
  2062 | Sewer    | Noticed Purgy
  2067 | Sewer    | Killed Purgy
  2068 | Sewer    | Reached skill level 5 in Spellcasting
  2068 | Sewer    | Reached XP level 4. HP: 6/24 MP: 4/13
  2068 | Sewer    | Reached XP level 5. HP: 7/28 MP: 4/14
  2337 | Sewer    | Learned a level 4 spell: Fulminant Prism
  2342 | Sewer    | Learned a level 4 spell: Iskenderun's Mystic Blast
  2760 | D:3      | Reached skill level 6 in Spellcasting
  3436 | D:4      | Noticed Edmund
  3653 | D:4      | Found an iron altar of Okawaru.
  3858 | D:4      | Reached XP level 6. HP: 21/32 MP: 6/17
  4133 | D:2      | Killed Edmund
  4538 | D:4      | Reached skill level 7 in Spellcasting
  4556 | D:4      | Noticed Blork the orc
  4574 | D:5      | Entered Level 5 of the Dungeon
  4574 | D:5      | Found a runed translucent door.
  4580 | D:5      | Noticed ISoar's ghost (novice HOFi)
  4604 | D:5      | Noticed Grinder
  4629 | D:5      | Slain by a water moccasin skeleton

Illustrated notes

Levels and vault maps discovered:
D:1:      minmay_arrival_arboretum_small, layout_loops_corners,
          hellmonk_ecumenical_altar_crossroads
D:2:      layout_basic, basic_altar
D:3:      layout_basic, portal_sewer_entry_f, corexii_hall_statues_l
D:4:      minmay_goblin_kobold_castle, layout_gridville,
          mainiacjoe_overflow_boulevard, uniq_blork_the_orc, uniq_ijyb,
          uniq_edmund
D:5:      layout_basic, ebering_ghost_sewer_d, uniq_sigmund, uniq_grinder

Skill      XL: |  1  2  3  4  5  6 |
---------------+-------------------+-----
Spellcasting   | 4 5 6 7 |  7.0
Conjurations   | 5 6 |  6.9
Dodging        | |  2.4
Stealth        | |  2.4

Action                   |  1- 3 |  4- 6 || total
-------------------------+-------+-------++-------
Melee: Unarmed           |     1 |       ||     1
 Cast: Magic Dart        |    58 |    33 ||    91
       Searing Ray       |     3 |    18 ||    21
       Animate Skeleton  |       |     9 ||     9
       Fulminant Prism   |       |     1 ||     1
       Iskenderun's Myst |       |     1 ||     1
  Use: Scroll            |     5 |     1 ||     6
       Potion            |       |     1 ||     1
Armor: Robe              |     2 |     7 ||     9
Dodge: Dodged            |    10 |    24 ||    34
